 Dungeon Crawl Stone Soup version 0.27.1-33-g824d729ab1 (webtiles) character file.

Game seed: 13855708484016756522

142 jlumianski the Skirmisher (level 5, 0/49 HPs)
             Began as a Gargoyle Monk on Dec 6, 2021.
             Was a Follower of Okawaru.
             Slain by Pikel (2 damage)
             ... on level 3 of the Dungeon.
             The game lasted 00:15:18 (4110 turns).

jlumianski the Skirmisher (Gargoyle Monk)           Turns: 4110, Time: 00:15:18

Health: 0/49       AC: 22    Str: 15    XL:     5   Next: 24%
Magic:  4/5        EV:  2    Int: 11    God:    Okawaru [*.....]
Gold:   113        SH:  0    Dex: 12    Spells: 2/4 levels left

rFire    . . .     SeeInvis .   a - +0 hand axe (freeze)
rCold    . . .     Faith    +   (no shield)
rNeg     + + +     Spirit   .   (armour currently unavailable)
rPois    ∞         Reflect  .   (helmet currently unavailable)
rElec    .         Harm     .   (cloak currently unavailable)
rCorr    .         Rampage  .   (gloves currently unavailable)
Will     .....     NoTele   +   (boots currently unavailable)
Stlth    ++........             z - amulet of faith
HPRegen  0.16/turn              (no ring)
MPRegen  0.09/turn              (no ring)

@: tree-form
A: stationary, stasis, torment immunity, boosted hp, sickness immunity, AC +4,
negative energy resistance 1, (electricity resistance), torment resistance 1,
petrification resistance
a: Renounce Religion, Heroism


You were on level 3 of the Dungeon.
You worshipped Okawaru.
Okawaru was aware of your devotion.
You were a tree.
You visited 2 branches of the dungeon, and saw 5 of its levels.

You collected 113 gold pieces.

Inventory:

Hand Weapons
 a - a +0 hand axe of freezing (weapon)
 c - a +0 dagger
 g - a +2 short sword of speed
 j - a +0 hunting sling
 t - a +1 dagger of venom
Missiles
 d - 69 stones (quivered)
 i - 38 sling bullets
 l - 58 bolts
 m - 10 poisoned darts
Armour
 b - a +0 robe
 e - a +0 ring mail (melded)
 f - a +0 pair of boots
 n - a +2 pair of boots (melded)
 p - a +0 plate armour
 B - a +1 helmet (melded)
Jewellery
 z - an amulet of faith (around neck)
Wands
 A - a wand of polymorph (9)
Potions
 h - a potion of flight {unknown}
 s - 2 potions of heal wounds {unknown}
 w - a potion of attraction {unknown}


   Skills:
 + Level 4.1 Fighting
 + Level 3.7 Axes
 + Level 1.6 Slings
 + Level 1.2 Armour
 + Level 2.6 Dodging
 + Level 2.7 Stealth
 * Level 0.1 Poison Magic


You had 2 spell levels left.
You knew the following spells:

 Your Spells              Type           Power      Damage    Failure   Level
a - Poisonous Vapours     Pois/Air       0%         N/A       47%         2

Your spell library contained the following spells:

 Spells                   Type           Power      Damage    Failure   Level
 Corpse Rot               Necr/Air       N/A        N/A       47%         2
 Gell's Gravitas          Tloc           0%         N/A       71%         3
 Teleport Other           Tloc           0%         N/A       71%         3
 Freezing Cloud           Conj/Ice/Air   0%         6-21      100%        5
 Dispersal                Tloc           0%         N/A       100%        6


Dungeon Overview and Level Annotations

Branches:
Dungeon (4/15)             Temple (1/1) D:4

Altars:
Ashenzari
Cheibriados
Dithmenos
Elyvilon
Fedhas
Hepliaklqana
Kikubaaqudgha
Makhleb
Nemelex Xobeh
Okawaru
Qazlal
Sif Muna
Trog
Uskayaw
Vehumet
Wu Jian
Xom
Yredelemnul
Zin
The Shining One

Annotations:
D:3 Pikel


Innate Abilities, Weirdness & Mutations

You are a tree.
Your roots penetrate the ground, keeping you stationary.
You cannot be teleported.
You are immune to unholy pain and torment.
Your maximum health is greatly increased.
Your equipment is partially melded.
You are immune to sickness and miasma.
((Your stone body is resilient. (AC +4)))
You are immune to poison.
You resist negative energy. (rN+)
((You are resistant to electric shocks. (rElec)))
You are resistant to unholy torment.
You are immune to petrification.


Message History

Pikel hits you with a +2 whip of flaming!
Pikel burns you.
You miss Pikel. You closely miss Pikel. Pikel closely misses you.
You barely miss Pikel. Pikel barely misses you.
You miss Pikel.
Pikel hits you with a +2 whip of flaming.
* * * LOW HITPOINT WARNING * * *
Pikel burns you.
* * * LOW HITPOINT WARNING * * *
You barely miss Pikel. Pikel hits you but does no damage.
You feel like a meek peon again.
You aren't carrying any scrolls.
Really quaff the potion of lignification?
You turn into a tree.
Your +1 helmet melds into your body.
Your +2 pair of boots melds into your body.
Your +0 ring mail melds into your body.
Your roots penetrate the ground.
Pikel hits you but does no damage.
You hit Pikel. You freeze Pikel.
Pikel is lightly wounded.
Pikel hits you but does no damage.
You closely miss Pikel.
Pikel is lightly wounded.
Pikel hits you but does no damage.
You hit Pikel but do no damage.
Pikel is lightly wounded.
Pikel hits you with a +2 whip of flaming.
* * * LOW HITPOINT WARNING * * *
Pikel burns you.
* * * LOW HITPOINT WARNING * * *
You hit Pikel but do no damage.
Pikel is lightly wounded.
Pikel hits you with a +2 whip of flaming.
* * * LOW HITPOINT WARNING * * *
Pikel burns you.
* * * LOW HITPOINT WARNING * * *
You closely miss Pikel.
Pikel is lightly wounded.
Pikel hits you with a +2 whip of flaming.
You die...

#..................
#..##########.###..
#..# #.# ##. #..# #.#
#. #..###### ##.## #.
###.......# ##...###.
#....>..#.###.....##.
#.#K###..............
#.#.♣..............#.
#.#..<.............#.
#.#.####..#.#......#†
#)#.# #...........#.
#.#.# #.###.......#.
###.#.####.# #.......#.
#...#...##.###.#.###...
#.#####.##.....#.###...
#.# #.##.#####)......


You could see Pikel.

Vanquished Creatures
  2 lemures
  Robin (D:2)
  3 adders (D:3)
  An ufetubus (D:4)
  2 worms
  5 dart slugs
  4 orcs
  3 ball pythons (D:1)
  7 bats
  4 endoplasms
  3 giant cockroaches
  14 goblins
  8 hobgoblins
  6 kobolds
  4 quokkas
  5 frilled lizards
  6 rats
78 creatures vanquished.

Notes
Turn   | Place    | Note
-------+----------+-------------------------------------------
     0 | D:1      | jlumianski the Gargoyle Monk began the quest for the Orb.
     0 | D:1      | Reached XP level 1. HP: 14/14 MP: 1/1
   356 | D:2      | Reached XP level 2. HP: 15/19 MP: 2/2
   904 | D:1      | Reached XP level 3. HP: 24/24 MP: 3/3
  1211 | D:1      | Learned a level 2 spell: Poisonous Vapours
  1427 | D:2      | Reached skill level 1 in Slings
  1590 | D:2      | Found an ancient bone altar of Kikubaaqudgha.
  2098 | D:2      | Reached XP level 4. HP: 29/29 MP: 4/4
  2098 | D:2      | Noticed Robin
  2570 | D:3      | Reached skill level 4 in Fighting
  2696 | D:3      | Reached skill level 1 in Armour
  2719 | D:4      | Found a hazy altar of Hepliaklqana.
  2851 | D:2      | Killed Robin
  2852 | D:2      | Reached XP level 5. HP: 19/33 MP: 5/5
  3489 | D:4      | Found a blossoming altar of Fedhas.
  3568 | D:4      | Found a staircase to the Ecumenical Temple.
  3574 | D:4      | Noticed a lemure
  3579 | D:4      | Noticed a lemure
  3582 | Temple   | Entered the Ecumenical Temple
  3603 | Temple   | Killed a lemure
  3651 | Temple   | Became a worshipper of Warmaster Okawaru
  3651 | Temple   | Reached * piety under Okawaru
  3651 | Temple   | Reached ** piety under Okawaru
  3914 | D:4      | Noticed a lemure
  3924 | D:4      | Noticed a lemure
  3925 | D:4      | Noticed Pikel
  3982 | D:3      | Killed a lemure
  4109 | D:3      | HP: 2/49 [Pikel (1)]
  4110 | D:3      | Slain by Pikel

Illustrated notes

Levels and vault maps discovered:
D:1:      eino_arrival_druids_welcome, layout_basic
D:2:      layout_basic, basic_altar, uniq_robin
D:3:      layout_loops_ring
D:4:      old_forge, layout_cave_pools, old_standard_altar,
          nicolae_ru_sacrificial_ziggurat, mainiacjoe_overflow_alcove_4,
          minmay_temple_entry_arrows, uniq_pikel
Temple:   eino_narrow_crystal_temple

Skill      XL: |  1  2  3  4 |
---------------+-------------+-----
Axes           | 3 |  3.7
Slings         | 1 |  1.6
Fighting       | 4 |  4.1
Armour         | 1 |  1.2
Dodging        | |  2.6
Stealth        | |  2.7
Poison Magic   | |  0.1

Action                   |  1- 3 |  4- 6 || total
-------------------------+-------+-------++-------
Melee: Hand axe          |    91 |   193 ||   284
       Punch             |       |     1 ||     1
 Fire: Hunting sling     |    55 |    10 ||    65
Invok: Heroism           |       |     1 ||     1
  Use: Scroll            |       |    10 ||    10
       Potion            |       |     1 ||     1
 Stab: Sleeping          |     1 |       ||     1
Armor: Robe              |     7 |       ||     7
       Ring mail         |    48 |   104 ||   152
       Skin              |       |     3 ||     3
Dodge: Dodged            |    58 |   125 ||   183
